AoeStats
← Axolot

Highland

504655114Analyzed
3v3 RM · 26d ago on Sep 6, 2026· 25m 56s· 6 players
Game mode
Random Map
Map size
Normal (6 player)
Population
200
Speed
Normal
Resources
Standard
Victory
Conquest
Starting age
Dark Age
Ending age
Imperial Age
RankedLock teamsTeams togetherTeam positionsShared explorationLock speedFull tech treeHidden civsTurbo modeCheats
Victory
Defeat
🇺🇸 Italians · United States
1599
+11
🇺🇸 Shu · United States
1518
+14
🇺🇸 Turks · United States
1502
+14
🇨🇱 Romans · Chile
1541
-16
🇦🇷 Armenians · Argentina
1452
-12
🇦🇷 Vietnamese · Argentina
1415
-11
Axolot
3:47 Loom
9:37 Feudal Age
10:52 Horse Collar
10:59 Double-Bit Axe
13:24 Wheelbarrow
22:16 Castle Age
21:00 Gold Mining
23:57 Bow Saw
26:40 Sanctity
Dino_Mate
8:15 Loom
10:31 Feudal Age
11:29 Double-Bit Axe
18:45 Fletching
20:25 Padded Archer Armor
25:52 Castle Age
[VA] Ziptrok
6:25 Loom
7:02 Loom
9:25 Feudal Age
10:30 Double-Bit Axe
12:56 Fletching
16:09 Wheelbarrow
19:53 Castle Age
17:46 Stone Mining
18:53 Town Watch
18:53 Horse Collar
19:05 Gold Mining
19:49 Padded Archer Armor
20:15 Crossbowman
21:18 Bow Saw
22:09 Bodkin Arrow
24:31 Ballistics
AlohaInMyHeart4aoe2
6:40 Loom
10:29 Feudal Age
10:33 Man-at-Arms
17:55 Padded Archer Armor
17:46 Fletching
22:30 Castle Age
21:12 Scale Mail Armor
22:42 Elite Skirmisher
22:52 Long Swordsman
cargar
3:00 Loom
11:02 Feudal Age
12:36 Double-Bit Axe
15:41 Horse Collar
18:00 Town Watch
23:29 Castle Age
26:32 Medium Warships
lukewarmweeb
4:58 Loom
10:50 Feudal Age
12:14 Double-Bit Axe
23:55 Castle Age
22:14 Fletching
24:04 Crossbowman
Connection lost

Rejoining the realm…

Still unreachable

The connection could not be restored.

Session expired

The server has moved on; the page needs a fresh start.